 Dungeon Sprint DCSS version 0.17.0-28-g6e173f8 (webtiles) character file.

959 kosy22 the Grappler (level 7, -9/76 HPs)
             Began as a Troll Monk on Nov 27, 2015.
             Was a Believer of Qazlal.
             Shot with an arrow by a centaur warrior (22 damage)
             ... in the Dungeon (Sprint IX: "|||||||||||||||||||||||||||||").
             The game lasted 00:02:37 (248 turns).

kosy22 the Grappler (Troll Monk)                     Turns: 248, Time: 00:02:37

Health: -9/76      AC: 10    Str: 22    XL:     7   Next: 92%
Magic:  3/7        EV: 17    Int:  6    God:    Qazlal [**....]
Gold:   0          SH:  3    Dex: 15    Spells: 0 memorised, 6 levels left

rFire  . . .     SeeInvis .     m - +2 halberd (protect)
rCold  . . .     Clarity  .     a - +0 robe
rNeg   . . .     SustAt   .     (shield currently unavailable)
rPois  .         Gourm    +     (helmet restricted)
rElec  .         Spirit   .     (no cloak)
rCorr  .         Warding  .     (gloves unavailable)
rMut   .         NoTele   +     (boots unavailable)
MR     .....                    (no amulet)
Stlth  +.........               o - +3 ring of dexterity
                                n - +2 ring of evasion

@: not resistant to hostile enchantments, very unstealthy
A: unfitting armour, claws 3, fast metabolism 3, gourmand, regeneration 2,
shaggy fur 1, tough skin 2
a: Upheaval, Renounce Religion


You were in the Dungeon.
You worshipped Qazlal.
Qazlal was pleased with you.
You were not hungry.

You visited 1 branch

Inventory:

Hand Weapons
 m - a +2 halberd of protection (weapon)
Armour
 a - a +0 robe (worn)
Jewellery
 n - a +2 ring of evasion (left claw)
 o - a +3 ring of dexterity (right claw)
Wands
 l - a wand of draining (3)
Scrolls
 h - 2 scrolls of blinking
 j - 3 scrolls of remove curse
 k - 2 scrolls of amnesia
Potions
 c - 5 potions of curing
 d - a potion of heal wounds
 e - a potion of haste
 f - 4 potions of magic
 i - a potion of invisibility
Comestibles
 b - 2 bread rations


   Skills:
 + Level 6.9 Fighting
 + Level 0.5 Polearms
 + Level 8.5 Dodging
 + Level 1.5 Stealth
 + Level 12.1 Unarmed Combat
 + Level 1.9 Evocations


You had 6 spell levels left.
You didn't know any spells.

Dungeon Overview and Level Annotations

Branches:
Dungeon (1/1)

Altars:
Cheibriados
Dithmenos
Elyvilon
Fedhas
Gozag
Kikubaaqudgha
Makhleb
Nemelex Xobeh
Okawaru
Qazlal
Ru
Sif Muna
Trog
Vehumet
Xom
Yredelemnul
Zin
The Shining One
Beogh
Jiyva
Lugonu


Innate Abilities, Weirdness & Mutations

You are too large for most types of armour.
You have claws for hands.
Your metabolism is lightning-fast.
You like to eat raw meat.
You heal very quickly.
You are covered in fur (AC +1).
You have very tough skin (AC +2).


Message History

The arrow misses you.
Aiming: Upheaval
Press: ? - help, Dir - move target cursor, f - orc warrior, p - mottled dragon
Aim: an orc warrior, wielding a trident and wearing a plate armour A blizzard blasts the area with ice!
The blast of ice hits the orc warrior.
The orc warrior is severely wounded.
The orc warrior is flash-frozen.
You can no longer give life to nearby clouds.
The shadow imp shouts!
The centaur warrior shoots an arrow.
The arrow hits you!!
The centaur warrior shoots an arrow.
The arrow hits you!!
You see here an arrow.
The centaur warrior shoots an arrow.
The arrow hits you!
* * * LOW HITPOINT WARNING * * *
The centaur warrior shoots an arrow.
The arrow misses you.
You see here an arrow.
Okay, then.
The centaur warrior shoots an arrow.
The arrow hits you!!
You die... ▓▓▓▓▓▓▓▓▓▓▓▓▓▓▓▓▓▓▓▓▓▓▓▓▓▓▓▓ 5h.oYDc(.((@((..[[[)|.)'____ ▓▓▓▓▓▓▓▓▓▓▓▓▓▓▓▓▓▓▓▓▓▓▓▓▓▓▓▓

You could see a catoblepas, a centaur warrior and a mottled dragon.

Vanquished Creatures
  A gargoyle (D)
  A hippogriff (D)
  2 sky beasts (D)
  A worker ant (D)
  An orc wizard (D)
  An adder (D)
  2 bat zombies (D)
  A goblin (D)
  A hobgoblin (D)
  3 kobolds (D)
  A giant gecko (D)
15 creatures vanquished.

Vanquished Creatures (others)
  An unseen horror (D)
1 creature vanquished.

Grand Total: 16 creatures vanquished

Notes
Turn   | Place    | Note
--------------------------------------------------------------
     0 | D        | kosy22 the Troll Monk began the quest for the Orb.
     0 | D        | Reached XP level 1. HP: 22/22 MP: 0/0
    40 | D        | Noticed an orc wizard
    45 | D        | Reached skill level 5 in Unarmed Combat
    45 | D        | Reached XP level 2. HP: 29/29 MP: 1/1
    49 | D        | Killed an orc wizard
    49 | D        | Reached skill level 6 in Unarmed Combat
    49 | D        | Reached XP level 3. HP: 32/37 MP: 2/2
    63 | D        | Found a glowing silver altar of Zin.
    63 | D        | Found a glowing golden altar of the Shining One.
    63 | D        | Found an ancient bone altar of Kikubaaqudgha.
    63 | D        | Found a basalt altar of Yredelemnul.
    63 | D        | Found a shimmering altar of Xom.
    63 | D        | Found a radiant altar of Vehumet.
    64 | D        | Found an iron altar of Okawaru.
    65 | D        | Found a burning altar of Makhleb.
    66 | D        | Found a deep blue altar of Sif Muna.
    67 | D        | Found a bloodstained altar of Trog.
    68 | D        | Found a sparkling altar of Nemelex Xobeh.
    69 | D        | Found a white marble altar of Elyvilon.
    70 | D        | Found a roughly hewn altar of Beogh.
    71 | D        | Found a viscous altar of Jiyva.
    72 | D        | Found a corrupted altar of Lugonu.
    73 | D        | Found a blossoming altar of Fedhas.
    74 | D        | Found a snail-covered altar of Cheibriados.
    75 | D        | Found a shadowy altar of Dithmenos.
    76 | D        | Found a stormy altar of Qazlal.
    77 | D        | Found an opulent altar of Gozag.
    78 | D        | Found a sacrificial altar of Ru.
    84 | D        | Became a worshipper of Qazlal Stormbringer
    84 | D        | Reached * piety under Qazlal
    84 | D        | Reached ** piety under Qazlal
   115 | D        | Noticed a sky beast
   115 | D        | Noticed a sky beast
   115 | D        | Noticed a hippogriff
   115 | D        | Noticed a gargoyle
   115 | D        | Noticed a worker ant
   123 | D        | Killed a worker ant
   123 | D        | Reached skill level 7 in Unarmed Combat
   123 | D        | Reached XP level 4. HP: 34/48 MP: 3/3
   127 | D        | Killed a hippogriff
   127 | D        | Reached skill level 5 in Dodging
   127 | D        | Reached skill level 8 in Unarmed Combat
   127 | D        | Reached XP level 5. HP: 16/55 MP: 4/4
   131 | D        | Killed an unseen horror
   131 | D        | Reached skill level 10 in Unarmed Combat
   131 | D        | Reached skill level 1 in Evocations
   131 | D        | Reached XP level 6. HP: 35/67 MP: 5/5
   139 | D        | HP: 3/67 [gargoyle/flail (15)]
   142 | D        | Killed a gargoyle
   142 | D        | Reached skill level 11 in Unarmed Combat
   142 | D        | Reached XP level 7. HP: 41/76 MP: 5/7
   147 | D        | Killed a sky beast
   147 | D        | Reached skill level 12 in Unarmed Combat
   237 | D        | Killed a sky beast
   237 | D        | Reached *** piety under Qazlal
   242 | D        | Noticed a black bear
   242 | D        | Noticed an orc warrior
   242 | D        | Noticed a catoblepas
   242 | D        | Noticed a mottled dragon
   242 | D        | Noticed a centaur warrior
   248 | D        | Shot with an arrow by a centaur warrior

Action                   |  1- 3 |  4- 6 |  7- 9 || total
-------------------------+-------+-------+-------++-------
Melee: Unarmed           |    25 |       |       ||    25
       Halberd           |       |     7 |    24 ||    31
Invok: Upheaval          |       |       |     1 ||     1
Evoke: Wand              |     1 |     3 |       ||     4
  Use: Potion            |       |     3 |       ||     3
